 Dungeon Sprint DCSS version 0.27-a0-1308-gc08437e49b (webtiles) character file.

Game seed: 18030272564669072106

88 mhtbhm the Digger (level 4, 0/21 HPs)
             Began as a Spriggan Earth Elementalist on June 18, 2021.
             Was an Initiate of Vehumet.
             Killed from afar by a steam dragon (18 damage)
             ... with a ball of steam
             ... in the Dungeon (Sprint IX: "|||||||||||||||||||||||||||||").
             The game lasted 00:01:54 (777 turns).

mhtbhm the Digger (Spriggan Earth Elementalist)      Turns: 777, Time: 00:01:54

Health: 0/21       AC:  7    Str:  4    XL:     4   Next: 30%
Magic:  11/13      EV: 18    Int: 17    God:    Vehumet [......]
Gold:   0          SH:  0    Dex: 15    Spells: 9/15 levels left

rFire    . . .     SeeInvis +   m - +2 scimitar (holy)
rCold    . . .     Faith    .   (shield restricted)
rNeg     . . .     Spirit   .   b - +0 robe
rPois    .         Reflect  .   (helmet restricted)
rElec    .         Harm     .   l - +0 cloak
rCorr    .         Rampage  .   (gloves unavailable)
Will     .....     NoTele   +   (boots unavailable)
Stlth    +++.......             (no amulet)
HPRegen  0.07/turn              n - +2 ring of protection
MPRegen  0.13/turn              o - +2 ring of protection

@: very quick
A: very small, no large weapons, unfitting armour, see invisible, speed 3
a: Renounce Religion


You were in the Dungeon.
You worshipped Vehumet.
Vehumet was noncommittal.
You visited 1 branch

Inventory:

Hand Weapons
 m - a +2 scimitar of holy wrath (weapon)
Missiles
 i - 15 stones
Armour
 b - a +0 robe (worn)
 l - a +0 cloak (worn)
Jewellery
 n - a +2 ring of protection (left hand)
 o - a +2 ring of protection (right hand)
Wands
 k - a wand of iceblast (10)
Scrolls
 h - 2 scrolls of blinking
 j - 2 scrolls of amnesia
Potions
 a - a potion of invisibility
 c - 5 potions of curing
 d - 3 potions of heal wounds
 e - a potion of haste
 f - 4 potions of magic
 g - a potion of berserk rage


   Skills:
 + Level 4.4 Dodging
 + Level 4.3 Stealth
 + Level 6.2 Spellcasting
 + Level 1.7 Transmutations
 + Level 6.2 Earth Magic


You had 9 spell levels left.
You knew the following spells:

 Your Spells              Type           Power      Damage    Failure   Level
a - Sandblast             Erth           52%        2d12      1%          1
b - Passwall              Tmut/Erth      15%        N/A       3%          2
c - Stone Arrow           Conj/Erth      30%        3d8       11%         3

Your spell library contained the following spells:

 Spells                   Type           Power      Damage    Failure   Level
 Petrify                  Tmut/Erth      18%        N/A       24%         4
 Lee's Rapid Deconstruct  Erth           13%        3d10*     26%         5


Dungeon Overview and Level Annotations

Branches:
Dungeon (1/1)

Altars:
Cheibriados
Dithmenos
Elyvilon
Fedhas
Gozag
Hepliaklqana
Kikubaaqudgha
Makhleb
Nemelex Xobeh
Okawaru
Qazlal
Ru
Sif Muna
Trog
Uskayaw
Vehumet
Wu Jian
Xom
Yredelemnul
Zin
The Shining One
Beogh
Jiyva
Lugonu


Innate Abilities, Weirdness & Mutations

You are very small and have problems with some larger weapons.
You are too small for most types of armour.
You have supernaturally acute eyesight. (SInv)
You cover ground extremely quickly. (Speed+++)


Message History

m - a +2 scimitar of holy wrath (weapon)
You see here a +0 helmet.
You see here a +1 chain mail.
n - a +2 ring of protection
o - a +2 ring of protection
n - a +2 ring of protection (left hand)
o - a +2 ring of protection (right hand) Unknown command.
You open the door.
A yak, 3 steam dragons, a centaur and a zombie come into view.
The yak bellows!
The centaur shouts!
The centaur wields a +0 shortbow.
The centaur shoots an arrow.
The arrow completely misses you.
Unknown command.
Unknown command.
The steam dragon hisses angrily.
The centaur unwields a +0 shortbow.
The centaur closely misses you.
The centaur kicks you but does no damage.
There is an open door to the Dungeon here.
Casting: Stone Arrow (extremely dangerous; 11% risk of failure)
Confirm with . or Enter, or press ? or * to list all spells.
Aiming: Sandblast (safe; 1% risk of failure)
Press: ? - help, Shift-Dir - straight line, f - centaur
Aim: a centaur, quivering arrows (88% to hit)
The blast of sand hits the centaur!
The centaur is heavily wounded.
The steam dragon hisses angrily.
The centaur hits you. The centaur closely misses you.
Casting: Sandblast (safe; 1% risk of failure)
Confirm with . or Enter, or press ? or * to list all spells.
Aiming: Sandblast (safe; 1% risk of failure)
Press: ? - help, Shift-Dir - straight line, f/p - centaur
Aim: a centaur, quivering arrows (heavily wounded, 88% to hit)
The blast of sand hits the centaur!
You kill the centaur!
Vehumet accepts your kill. The steam dragon breathes steam at you.
The ball of steam hits you!!
Ouch! That really hurt!
You die...

▓+▓
▓D▓
▓Z▓
▓Y▓
▓D▓
▓D▓
▓§▓
▓@▓
▓.▓
▓.▓
▓[▓
▓.▓
▓[▓
▓.▓
▓)▓
▓.▓


You could see a yak, 3 steam dragons and a bat zombie.

Vanquished Creatures
  A centaur (D)
  A hound (D)
  2 iguanas (D)
  A bat zombie (D)
  A quokka (D)
  A bat (D)
  A frilled lizard (D)
  A jackal skeleton (D)
  2 rats (D)
11 creatures vanquished.

Notes
Turn   | Place    | Note
-------+----------+-------------------------------------------
     0 | D        | mhtbhm the Spriggan Earth Elementalist began the quest for
                  | the Orb.
     0 | D        | Reached XP level 1. HP: 9/9 MP: 5/5
   172 | D        | Noticed an iguana
   172 | D        | Noticed a hound
   172 | D        | Noticed an iguana
   179 | D        | Killed an iguana
   180 | D        | Reached XP level 2. HP: 13/13 MP: 3/8
   180 | D        | Reached XP level 3. HP: 16/16 MP: 3/10
   338 | D        | Learned a level 2 spell: Passwall
   342 | D        | Learned a level 3 spell: Stone Arrow
   349 | D        | Reached skill level 5 in Spellcasting
   349 | D        | Reached skill level 5 in Earth Magic
   536 | D        | Reached XP level 4. HP: 21/21 MP: 3/13
   707 | D        | Found a snail-covered altar of Cheibriados.
   707 | D        | Found a shadowy altar of Dithmenos.
   707 | D        | Found a white marble altar of Elyvilon.
   707 | D        | Found a blossoming altar of Fedhas.
   707 | D        | Found an opulent altar of Gozag.
   708 | D        | Found a hazy altar of Hepliaklqana.
   709 | D        | Found a viscous altar of Jiyva.
   710 | D        | Found an ancient bone altar of Kikubaaqudgha.
   713 | D        | Found a corrupted altar of Lugonu.
   714 | D        | Found a burning altar of Makhleb.
   715 | D        | Found a sparkling altar of Nemelex Xobeh.
   716 | D        | Found an iron altar of Okawaru.
   717 | D        | Found a stormy altar of Qazlal.
   718 | D        | Found a sacrificial altar of Ru.
   719 | D        | Found a shimmering blue altar of Sif Muna.
   720 | D        | Found a bloodstained altar of Trog.
   721 | D        | Found a hide-covered altar of Uskayaw.
   722 | D        | Found a radiant altar of Vehumet.
   723 | D        | Found an ornate altar of the Wu Jian Council.
   724 | D        | Found a shimmering altar of Xom.
   725 | D        | Found a basalt altar of Yredelemnul.
   726 | D        | Found a glowing silver altar of Zin.
   727 | D        | Found a glowing golden altar of the Shining One.
   732 | D        | Became a worshipper of Vehumet
   774 | D        | Noticed a steam dragon
   774 | D        | Noticed a yak
   774 | D        | Noticed a steam dragon
   774 | D        | Noticed a steam dragon
   774 | D        | Noticed a centaur
   777 | D        | Killed a centaur
   777 | D        | Killed from afar by a steam dragon

Illustrated notes

Levels and vault maps discovered:
D:        linesprint [early_d, line_temple, items_1, d_10, items_2, lair_1,
          lair_end, items_3, orc_1, orc_end, items_4, d_15, swamp_1, shoals_1,
          snake_1, spider_1, d_20, vaults_1, items_5, swamp_end, shoals_end,
          snake_end, spider_end, vaults_end, d_27, items_6, zot_1, zot_end,
          crypt_end, forest_end, elf_end, slime_end, tomb_end, abyss_end,
          pan_hell_end]

Skill      XL: |  1  2  3 |
---------------+----------+-----
Spellcasting   | 4 6 |  6.2
Earth Magic    | 4 6 |  6.2
Dodging        | 3 4 |  4.4
Stealth        | 4 |  4.3
Transmutations | |  1.7

Action                   |  1- 3 |  4- 6 || total
-------------------------+-------+-------++-------
 Cast: Sandblast         |    13 |     2 ||    15
       Stone Arrow       |     4 |       ||     4
Armor: Robe              |       |     1 ||     1
Dodge: Dodged            |     3 |     3 ||     6

Table legend: (Time is in decaauts)
 A = Elapsed time spent in this place.
 B = Non-inter-level travel time spent in this place.
 C = Inter-level travel time spent in this place.
 D = Time resting spent in this place.
 E = Time spent auto-exploring this place.
 F = Levels seen in this place.
 G = Mean time per level.
                   A        B        C        D        E       F      G
               +--------+--------+--------+--------+--------+-----+--------+
         Total |    743 |    743 |      0 |    646 |      2 |   1 |  743.0 |
       Dungeon |    743 |    743 |      0 |    646 |      2 |   1 |  743.0 |
               +--------+--------+--------+--------+--------+-----+--------+

Top non-repeatable levels by time:
       D: 743 daAuts
